 Dungeon Crawl Stone Soup version 0.31-a0-1308-ga3cce3a448 (webtiles) character file.

Game seed: 10915263723919392396

700 backslashecho the Shield-Bearer (level 7, -1/56 HPs)
             Began as a Formicid Fighter on Dec 20, 2023.
             Slain by an ice beast (8 damage)
             ... on level 4 of the Dungeon.
             The game lasted 00:08:58 (4594 turns).

backslashecho the Shield-Bearer (Formicid Fighter)  Turns: 4594, Time: 00:08:58

Health: -1/56      AC:  6    Str: 23    XL:     7   Next: 98%
Magic:  7/7        EV:  8    Int:  7    God:
Gold:   281        SH: 10    Dex: 13    Spells: 6/6 levels left

rFire   . . .        a - +0 war axe
rCold   . . .        k - +0 kite shield
rNeg    . . .        b - +0 scale mail
rPois   .            (helmet unavailable)
rElec   .            (no cloak)
rCorr   .            (no gloves)
SInv    +            (no boots)
Will    .....        (no amulet) Stlth
                     (no ring)
HPRegen 0.29/turn    (no ring)
MPRegen 0.10/turn

%: no passive effects
@: no status effects
A: permanent stasis, dig shafts and tunnels, antennae 3, four strong arms
a: Dig, Shaft Self


You were on level 4 of the Dungeon.
You visited 1 branch of the dungeon, and saw 5 of its levels.
You also visited: Sewer.

You collected 281 gold pieces.

Inventory:

Hand Weapons
 a - a +0 war axe (weapon)
Armour
 b - a +0 scale mail (worn)
 c - a +0 buckler
 k - a +0 kite shield (worn)
 q - a +0 pair of gloves
Jewellery
 m - a ring of protection from cold
Scrolls
 f - 5 scrolls of identify {unknown}
 h - a scroll of fog {unknown}
 j - 5 scrolls of teleportation {unknown}
 l - 2 scrolls of blinking {unknown}
 n - a scroll of poison {unknown}
 o - 2 scrolls of noise
 p - a scroll of brand weapon {unknown}
 r - a scroll of vulnerability {unknown}
 s - a scroll of silence {unknown}
Potions
 d - a potion of might
 e - 3 potions of berserk rage {unknown}
 g - 4 potions of heal wounds {unknown}
 i - 2 potions of curing {unknown}
 t - 3 potions of enlightenment


   Skills:
 + Level 5.5 Fighting
 * Level 6.0 Axes
 - Level 3.2 Armour
 + Level 6.6 Shields


You had 6 spell levels left.
You didn't know any spells.
Your spell library contained the following spells:

 Spells                   Type           Power      Damage    Failure   Level
 Kiss of Death            Conj/Necr      0%         2d5       93%         1
 Magic Dart               Conj           0%         1d3       93%         1
 Summon Small Mammal      Summ           0%         N/A       93%         1
 Call Imp                 Summ           0%         N/A       98%         2
 Scorch                   Fire           0%         2d5       98%         2
 Call Canine Familiar     Summ           0%         N/A       100%        3
 Confusing Touch          Hex            0%         N/A       100%        3
 Mephitic Cloud           Conj/Pois/Air  0%         N/A       100%        3
 Summon Guardian Golem    Hex/Summ       0%         N/A       100%        3
 Dispel Undead            Necr           0%         3d6       100%        4
 Flame Wave               Conj/Fire      0%         2d4       100%        4
 Summon Cactus Giant      Summ           0%         N/A       100%        6


Dungeon Overview and Level Annotations

Branches:
Dungeon (5/15)              Sewer (visited)
 Temple: D:4-7

Altars:
Ashenzari
Gozag
Nemelex Xobeh
Wu Jian

Shops:
D:3 [

Annotations:
D:3 3 runed translucent doors, SecretSquirrel's ghost, amateur GrEE
D:4 2 transporters, justen's ghost, novice HOCA


Innate Abilities, Weirdness & Mutations

You cannot be hasted, slowed, berserked, paralysed or teleported.
You can dig through walls and to a lower floor.
You have a pair of large antennae on your head. (SInv)
Your four strong arms can wield two-handed weapons with a shield.


Message History

The gnoll attacks as it pursues you! The gnoll barely misses you.
The gnoll barely misses you.
You see here a +0 great sword.
There is a stone staircase leading down here.
There is an opulent altar of Gozag here.
There is an open door here.
There is an escape hatch in the ceiling here.
The gnoll barely misses you.
There is an escape hatch in the ceiling here.
You completely miss the gnoll. You block the gnoll's attack.
The gnoll hits you with a +0 spear.
You take 2 damage, and have 33/56 hp.
You closely miss the gnoll. You block the gnoll's attack.
You closely miss the gnoll. You hit the ice beast but do no damage.
You block the gnoll's attack.
The ice beast hits you but does no damage.
You block the gnoll's attack. The ice beast closely misses you.
The gnoll hits you from afar with a +0 spear.
A mysterious force pulls you upwards. The hatch slams shut behind you.
Level annotation: 2 transporters, justen's ghost, novice HOCA You take 4 damage, and have 31/56 hp.
You slash the ice beast!
The ice beast is moderately wounded.
You block the ice beast's attack.
You closely miss the ice beast.
The ice beast is moderately wounded.
The ice beast hits you. The ice beast freezes you.
You take 9 damage, and have 22/56 hp.
You are too injured to fight recklessly!
You hit the ice beast.
The ice beast is moderately wounded.
The ice beast hits you. The ice beast freezes you!
* * * LOW HITPOINT WARNING * * *
The ice beast hits you but does no damage.
You take 14 damage, and have 8/56 hp.
MASSIVE DAMAGE!!
You are too injured to fight recklessly!
You hit the ice beast but do no damage.
The ice beast is moderately wounded.
The ice beast closely misses you.
You are too injured to fight recklessly!
You closely miss the ice beast.
The ice beast is moderately wounded.
The ice beast barely misses you.
You barely miss the ice beast.
The ice beast is moderately wounded.
The ice beast hits you.
* * * LOW HITPOINT WARNING * * *
The ice beast freezes you!
You die...

....#8...8#......#.#####.#
....##...##..............#
....##...##......#.#######
....##...##......#.#
..#'#8...8#......#.#
....##...##......#.#
#.###.....##.....#.#
####.......###..Y#.#
#8.........8#..@#.#
##...........#####.#
#....รท###.....## #.#
.....##
##.....###.#########
....8# #8....8##.#.......#
...###
####...##....#####.# ...#
#......#....>#..<#.# ...#
#......#...###.#.#.# ...#
########...'...#.#.#


You could see an ice beast.

Vanquished Creatures
  2 black bears
  A phantom (D:5)
  2 hounds
  A jelly (D:4)
  A gnoll bouda (D:5)
  3 orc wizards
  3 gnolls
  8 adders
  A river rat (D:5)
  A shadow imp (D:5)
  3 worms
  A dart slug (D:5)
  17 orcs
  12 ball pythons
  14 bats
  6 endoplasms
  6 giant cockroaches
  7 goblins
  6 hobgoblins
  5 jackals
  9 quokkas
  3 frilled lizards
  11 kobolds
  5 rats
128 creatures vanquished.

Notes
Turn   | Place    | Note
-------+----------+-------------------------------------------
     0 | D:1      | backslashecho the Formicid Fighter began the quest for the
                  | Orb.
     0 | D:1      | Reached XP level 1. HP: 18/18 MP: 1/1
   118 | D:1      | Found a faded altar of an unknown god.
   140 | D:1      | Reached XP level 2. HP: 22/24 MP: 2/2
   773 | D:2      | Reached XP level 3. HP: 25/29 MP: 3/3
  1215 | D:2      | Reached XP level 4. HP: 37/37 MP: 4/4
  1405 | D:3      | Found a runed translucent gate.
  1405 | D:3      | Found a runed translucent gate.
  1405 | D:3      | Found a runed translucent gate.
  1669 | D:3      | Found a sparkling altar of Nemelex Xobeh.
  1736 | D:3      | Found a broken altar of Ashenzari.
  1781 | D:3      | Found an ornate altar of the Wu Jian Council.
  2030 | D:3      | Reached XP level 5. HP: 39/42 MP: 5/5
  2038 | D:3      | Reached skill level 5 in Shields
  2079 | D:3      | Found Fywn's Antique Armour Boutique.
  2197 | D:3      | Found an opulent altar of Gozag.
  2198 | D:3      | Noticed a bullfrog
  2199 | D:3      | Noticed SecretSquirrel's ghost (amateur GrEE)
  2411 | D:4      | Noticed a black bear
  2451 | D:4      | Killed a black bear
  2452 | D:4      | Reached XP level 6. HP: 49/49 MP: 6/6
  2570 | D:4      | Noticed justen's ghost (novice HOCA)
  2579 | D:4      | Found a transporter.
  2905 | D:4      | Found a transporter.
  3082 | D:5      | Entered Level 5 of the Dungeon
  3156 | D:5      | Noticed a black bear
  3169 | D:5      | Killed a black bear
  3170 | D:5      | Reached skill level 5 in Axes
  3170 | D:5      | Reached XP level 7. HP: 38/55 MP: 7/7
  3175 | D:5      | Reached skill level 5 in Fighting
  3423 | D:5      | Found a glowing drain.
  3427 | Sewer    | Entered a sewer
  4338 | D:5      | Found an opulent altar of Gozag.
  4594 | D:4      | Slain by an ice beast

Illustrated notes

Levels and vault maps discovered:
D:1:      ncdulo_wetmaze, layout_basic, basic_ecumenical_altar, nrook_campfire
D:2:      layout_basic, minmay_misc_feat_x
D:3:      layout_loops_cross, mainiacjoe_overflow_alcove_1,
          nicolae_wu_jian_wuxing_cycle, nemelex_dance_club_becter,
          ebering_ghost_gozag, serial_shops, nicolae_shop_tiny_waterfront,
          roderic_cross_of_infinity
D:4:      layout_basic, serial_corexii_hall, corexii_hall_statues_x,
          chequers_hall_statues_y, gammafunk_ghost_stat_death
D:5:      layout_basic, nicolae_overflow_crystal_walls, gup_sewer_entry_spiral

Skill      XL: |  1  2  3  4  5  6  7 |
---------------+----------------------+-----
Axes           | 3 4 5 6 |  6.0
Fighting       | 4 5 |  5.5
Shields        | 5 6 |  6.6
Armour         | |  3.2

Action                     |  1- 3 |  4- 6 |  7- 9 || total
---------------------------+-------+-------+-------++-------
  Melee: War axe           |   108 |   126 |   175 ||   409
    Use: Potion            |       |     1 |       ||     1
 Armour: Scale mail        |    72 |    82 |   159 ||   313
  Dodge: Dodged            |    40 |    48 |    94 ||   182
  Block: Buckler           |    19 |       |       ||    19
         Kite shield       |    19 |    81 |   110 ||   210

Table legend: (Time is in decaauts)
 A = Elapsed time spent in this place.
 B = Non-inter-level travel time spent in this place.
 C = Inter-level travel time spent in this place.
 D = Time resting spent in this place.
 E = Time spent auto-exploring this place.
 F = Levels seen in this place.
 G = Mean time per level.
                   A        B        C        D        E       F      G
               +--------+--------+--------+--------+--------+-----+--------+
         Total |   5031 |   4716 |    315 |    232 |   2759 |   6 |  838.5 |
       Dungeon |   4062 |   3747 |    315 |    169 |   2335 |   5 |  812.4 |
         Sewer |    968 |    968 |      0 |     63 |    423 |   1 |  968.0 |
               +--------+--------+--------+--------+--------+-----+--------+

Top non-repeatable levels by time:
     D:3: 985 daAuts
   Sewer: 968 daAuts
     D:2: 827 daAuts
     D:5: 820 daAuts
     D:4: 731 daAuts
     D:1: 698 daAuts
